 Dungeon Crawl Stone Soup version 0.19-a0-144-g2e0a820 (webtiles) character file.

142 AlphabetPasta the Skirmisher (level 5, -11/53 HPs)
             Began as a Troll Abyssal Knight on May 17, 2016.
             Was a Believer of Lugonu.
             Mangled by a wasp (12 damage)
             ... while paralysed by a wasp
             ... on level 4 of the Dungeon.
             The game lasted 00:09:34 (2101 turns).

AlphabetPasta the Skirmisher (Troll Abyssal Knight) Turns: 2101, Time: 00:09:34

Health: -11/53     AC:  5    Str: 21    XL:     5   Next: 3%
Magic:  5/5        EV:  1    Int:  8    God:    Lugonu [**....]
Gold:   146        SH:  0    Dex:  9    Spells: 0 memorised, 4 levels left

rFire  . . .     SeeInvis .       - Unarmed
rCold  . . .     Gourm    +     a - +0 robe
rNeg   + . .     Faith    .     (no shield)
rPois  .         Spirit   .     (helmet restricted)
rElec  .         Dismiss  .     (no cloak)
rCorr  .         Reflect  .     (gloves unavailable)
SustAt .         Harm     .     (boots unavailable)
MR     .....                    (no amulet)
Stlth  +.........               k - ring of positive energy
                                (no ring)

@: paralysed, lethally poisoned (-11 -> -30), very slightly contaminated, not
resistant to hostile enchantments, very unstealthy
A: unfitting armour, claws 3, fast metabolism 3, gourmand, regeneration 2,
shaggy fur 1, tough skin 2
a: Depart the Abyss, Bend Space, Renounce Religion


You were on level 4 of the Dungeon.
You worshipped Lugonu.
Lugonu was pleased with you.
You were completely stuffed.

You visited 1 branch of the dungeon, and saw 4 of its levels.
You visited the Abyss 1 time.

You collected 146 gold pieces.

Inventory:

Hand Weapons
 s - a +0 blowgun
 t - a +0 dagger
Armour
 a - a +0 robe (worn)
Jewellery
 k - a ring of positive energy (right claw)
Scrolls
 g - a scroll of teleportation
 u - a scroll of remove curse
Potions
 h - a potion of agility
 i - 3 potions of curing
 p - a potion of haste
Comestibles
 b - 3 bread rations
 l - 6 chunks of flesh
 n - a meat ration


   Skills:
 + Level 3.4 Fighting
 + Level 2.9 Dodging
 + Level 0.3 Stealth
 + Level 3.2 Unarmed Combat
 + Level 1.7 Invocations


You had 4 spell levels left.
You didn't know any spells.

Dungeon Overview and Level Annotations

Branches:
Dungeon (4/15)
 Temple: D:4-7

Altars:
Cheibriados
Makhleb
The Shining One


Innate Abilities, Weirdness & Mutations

You are too large for most types of armour.
You have claws for hands.
Your metabolism is lightning-fast.
You like to eat raw meat.
You heal very quickly.
You are covered in fur (AC +1).
You have very tough skin (AC +2).


Message History

You feel sick. The wasp stings you.
You claw the wasp! Your claw misses the wasp.
The wasp is severely wounded.
You feel sick. The wasp stings you.
You suddenly lose the ability to move!
The wasp stings you!
You are more poisoned.
You feel sick. The wasp stings you.
* * * LOW HITPOINT WARNING * * *
You are more poisoned.
You feel sick. The wasp stings you.
* * * LOW HITPOINT WARNING * * *
You are lethally poisoned!
You feel yourself slow down. The wasp stings you!
* * * LOW HITPOINT WARNING * * *
You are more poisoned.
You feel yourself speed up.
* * * LOW HITPOINT WARNING * * *
You feel very sick. The wasp stings you!
You die...

**,,,,,**,*,,,,,,**
*,,,,,, *,,,,,*#,#.,,,,,*
*,,**** *,,**,*#...******
*,,* *,,**,**>#.#* *,,*
*,,**,**,.(.*
########..##**
*,,**,***#..*
#...".......,, *,,**,*
#..####.######.###**
*****.####.y#.##.######.#
*,,*......[@#..........#
*,,*#####..#.###########
**+** #.####******* *,,*
#.,,,,,,,,,,* *,,*
#**********,* *,,* *,*
*,,***** *,* *,,,,,,* *,*
*,****,* *,*


You could see a wasp.

Vanquished Creatures
  An orc priest (D:3)
  Terence (D:2)
  3 adders
  A worm (D:2)
  A dart slug (D:3)
  2 giant geckos
  3 orcs (D:3)
  A giant cockroach (D:3)
  6 goblins
  7 hobgoblins
  3 jackals (D:1)
  2 ball pythons
  8 bats
  7 giant newts
  4 kobolds
  3 rats
53 creatures vanquished.

Notes
Turn   | Place    | Note
--------------------------------------------------------------
     0 | Abyss:1  | AlphabetPasta the Troll Abyssal Knight began the quest for the Orb.
     0 | Abyss:1  | Reached XP level 1. HP: 22/22 MP: 1/1
    24 | Abyss:1  | Noticed a large abomination
    25 | D:1      | Escaped the Abyss
    93 | D:1      | Reached * piety under Lugonu
   196 | D:1      | Reached XP level 2. HP: 29/29 MP: 2/2
   718 | D:2      | Reached XP level 3. HP: 37/37 MP: 3/3
   846 | D:2      | Noticed Terence
   864 | D:2      | Killed Terence
  1152 | D:2      | Found a burning altar of Makhleb.
  1301 | D:2      | Reached ** piety under Lugonu
  1410 | D:3      | Reached XP level 4. HP: 45/45 MP: 4/4
  1493 | D:3      | Found a glowing golden altar of the Shining One.
  1603 | D:3      | Found a snail-covered altar of Cheibriados.
  1948 | D:3      | Reached XP level 5. HP: 49/53 MP: 5/5
  2088 | D:4      | Noticed a wasp
  2098 | D:4      | Paralysed by a wasp for 3 turns
  2101 | D:4      | HP: 1/53 [poisoned by a wasp]
  2101 | D:4      | Mangled by a wasp

Vault maps used:
D:1:      minmay_arrival_five_plusses
D:2:      lemuel_coloured_pillars_altar, uniq_terence
D:3:      tso_metal_star, lemuel_doored_altar, minmay_item_behind_shaft,
          minmay_misc_feat_alley, grunt_decor_clamped
D:4:      kennysheep_mini_moat, lemuel_crystal_altar,
          gammafunk_pakellas_spire_experiment, kennysheep_little_box,
          minmay_bad_closet, uniq_sigmund, uniq_natasha, uniq_eustachio

Skill      XL: |  1  2  3  4 |
---------------+-------------+-----
Dodging        | 2 |  2.9
Fighting       | 3 |  3.4
Unarmed Combat | 3 |  3.2
Stealth        | |  0.3
Invocations    | |  1.7

Action                   |  1- 3 |  4- 6 || total
-------------------------+-------+-------++-------
Melee: Unarmed           |   105 |    68 ||   173
       Punch             |     2 |       ||     2
Throw: Throwing net      |       |     1 ||     1
Invok: Depart the Abyss  |     1 |       ||     1
  Use: Scroll            |       |    11 ||    11
  Eat: Chunk             |    19 |     6 ||    25
Armor: Robe              |    31 |    13 ||    44
Dodge: Dodged            |    36 |    37 ||    73
